[Event "1st SOA-GM Festival 2024"]
[Site "Bhubaneswar"]
[Date "2024.02.01"]
[Round "7.16"]
[White "Frayna, Janelle Mae"]
[Black "Sharnarthi Viresh"]
[Result "1-0"]
[ECO "E63"]
[WhiteElo "2197"]
[BlackElo "1926"]
[Annotator "ChessBase"]
[PlyCount "121"]
[EventDate "2024.02.01"]
[EventType "swiss"]
[EventCountry "IND"]
[SourceTitle "playchess.com"]
[Source "ChessBase"]
[SourceQuality "1"]
[TimeControl "5400+30"]

1. Nf3 Nf6 2. c4 g6 3. g3 Bg7 4. Bg2 O-O 5. O-O d6 6. d4 Nc6 7. Nc3 a6 8. b3 Rb8 9. d5 Na5 10. Bg5 c5 11. dxc6 Nxc6 12. Rc1 Bd7 13. Qd2 b5 14. Rfd1 b4 15. Bxf6 Bxf6 16. Nd5 Bg7 17. c5 dxc5 18. Nxe7+ Qxe7 19. Qxd7 Qxd7 20. Rxd7 Bc3 21. e3 Rfd8 22. Rcd1 Bf6 23. Bf1 a5 24. Bc4 Be7 25. R1d2 Kf8 26. Kf1 Ke8 27. Rc7 Ne5 28. Rxe7+ Kxe7 29. Rxd8 Rxd8 30. Nxe5 Rd1+ 31. Kg2 Kd6 32. Nxf7+ Kc7 33. Ne5 Rd2 34. Bb5 Rxa2 35. Nc4 Kd8 36. h4 Ke7 37. e4 Re2 38. Kf3 Rc2 39. Nxa5 Kd6 40. Bd3 Rc3 41. Ke3 Kc7 42. Kd2 Kd6 43. f4 c4 44. Nxc4+ Kc5 45. Ke3 Rxb3 46. e5 Kd5 47. Nb6+ Kc5 48. Nc4 Kd5 49. g4 Rc3 50. f5 gxf5 51. gxf5 Rc1 52. e6 Ra1 53. e7 Ra8 54. Be4+ Kxc4 55. Bxa8 b3 56. e8=Q b2 57. Qa4+ Kc3 58. Qd4+ Kb3 59. Bd5+ Kc2 60. Qd2+ Kb1 61. Qd1# 1-0

[Event "1st SOA-GM Festival 2024"]
[Site "Bhubaneswar"]
[Date "2024.02.01"]
[Round "7.17"]
[White "Patil Priyanshu"]
[Black "Dere Pushkar"]
[Result "1/2-1/2"]
[ECO "B12"]
[WhiteElo "2022"]
[BlackElo "2191"]
[Annotator "ChessBase"]
[PlyCount "114"]
[EventDate "2024.02.01"]
[EventType "swiss"]
[EventCountry "IND"]
[SourceTitle "playchess.com"]
[Source "ChessBase"]
[SourceQuality "1"]
[TimeControl "5400+30"]

1. e4 c6 2. d4 d5 3. e5 Bf5 4. h4 h6 5. Bd3 Bxd3 6. Qxd3 e6 7. Ne2 Nd7 8. Nd2 c5 9. c4 Ne7 10. Nf4 cxd4 11. cxd5 Nxd5 12. Nxd5 exd5 13. Qxd4 Rc8 14. O-O Nc5 15. Nb3 Rc6 16. Rd1 Nxb3 17. axb3 Bc5 18. Qxd5 Qe7 19. Qe4 O-O 20. Be3 a6 21. Bxc5 Rxc5 22. Rd5 Rxd5 23. Qxd5 Rd8 24. Qe4 Rd2 25. Rc1 Qd7 26. Rc2 Rd1+ 27. Kh2 g6 28. e6 Qxe6 29. Qxe6 fxe6 30. Rc7 b5 31. Re7 Rd6 32. f3 Kf8 33. Ra7 h5 34. Kg3 e5 35. b4 Rc6 36. b3 Rd6 37. Kh3 Rd4 38. Rxa6 Kf7 39. Rc6 Rxb4 40. Rc3 Ke6 41. Kg3 Kd5 42. Re3 Rd4 43. Rc3 Rb4 44. Re3 Ke6 45. Rc3 Kf5 46. Re3 Rd4 47. Rc3 b4 48. Re3 Kf6 49. Re4 Kf5 50. Rxd4 exd4 51. Kf2 g5 52. hxg5 Kxg5 53. g3 Kf5 54. Ke2 Ke5 55. Kd3 Kf5 56. Ke2 Kg5 57. Kf2 Kf5 1/2-1/2

[Event "1st SOA-GM Festival 2024"]
[Site "Bhubaneswar"]
[Date "2024.02.01"]
[Round "7.18"]
[White "Priansh Das"]
[Black "Nithin Babu"]
[Result "0-1"]
[ECO "A37"]
[WhiteElo "1910"]
[BlackElo "2177"]
[Annotator "ChessBase"]
[PlyCount "208"]
[EventDate "2024.02.01"]
[EventType "swiss"]
[EventCountry "IND"]
[SourceTitle "playchess.com"]
[Source "ChessBase"]
[SourceQuality "1"]
[TimeControl "5400+30"]

1. c4 c5 2. g3 g6 3. Bg2 Bg7 4. Nf3 e5 5. d3 Ne7 6. Nc3 d6 7. O-O Nbc6 8. Ne1 Be6 9. f4 O-O 10. e4 Nd4 11. fxe5 dxe5 12. Nc2 Nec6 13. Ne3 Qd7 14. Ned5 f5 15. Bg5 Rf7 16. exf5 gxf5 17. Qd2 Raf8 18. Rae1 a6 19. Ne2 Qd6 20. Nxd4 Nxd4 21. Rf2 Bd7 22. Ref1 Bc6 23. Kh1 Kh8 24. Be3 b5 25. b3 Qg6 26. Qc1 b4 27. Bxd4 cxd4 28. Nxb4 Bxg2+ 29. Kxg2 Bh6 30. Qe1 Be3 31. Nd5 f4 32. Qe2 h5 33. Kh1 Rg8 34. Rg2 Rfg7 35. Nxe3 dxe3 36. Rfg1 Qg4 37. Rf1 Qf5 38. Qf3 h4 39. Qxe3 hxg3 40. Qe4 Qh5 41. d4 Rg5 42. dxe5 gxh2 43. Rxf4 Qd1+ 44. Kxh2 Rxg2+ 45. Qxg2 Rxg2+ 46. Kxg2 Qe2+ 47. Rf2 Qxe5 48. Kf3 Kg7 49. Re2 Qd4 50. Re3 Kf6 51. Ke2 Qb2+ 52. Kd3 Qxa2 53. Kc3 Qb2+ 54. Kd3 Qa2 55. Kc3 Qa5+ 56. Kc2 Qf5+ 57. Rd3 Ke5 58. Kc3 Ke4 59. Rd5 Qf2 60. Kb4 Qe1+ 61. Ka4 Qc3 62. Ra5 Qf6 63. Rd5 Ke3 64. Ka5 Qc3+ 65. Ka4 Qb2 66. Kb4 Qa2 67. Ra5 Qd2+ 68. Ka4 Qd7+ 69. Kb4 Qd6+ 70. Ka4 Qc6+ 71. Ka3 Kd3 72. Rh5 Qc7 73. Kb2 Kd2 74. Rd5+ Ke3 75. Ka3 Qh2 76. Ka4 Qa2+ 77. Kb4 Qa1 78. Ra5 Kd3 79. Rd5+ Ke3 80. Ra5 Qe1+ 81. Ka4 Kd4 82. Rxa6 Kc3 83. b4 Qb1 84. Rb6 Qb3+ 85. Ka5 Qa3+ 86. Kb5 Qxb4+ 87. Kc6 Qa4+ 88. Kd6 Kxc4 89. Rc6+ Kd4 90. Rb6 Kc4 91. Rc6+ Kd4 92. Rb6 Qa5 93. Kc6 Qd5+ 94. Kc7 Kc5 95. Rb7 Kd4 96. Rb6 Kc5 97. Rb7 Qe6 98. Kb8 Qe8+ 99. Kc7 Qe5+ 100. Kd7 Qf6 101. Kc8 Qa6 102. Kc7 Qa8 103. Rb8 Qc6+ 104. Kd8 Kd6 0-1

[Event "1st SOA-GM Festival 2024"]
[Site "Bhubaneswar"]
[Date "2024.02.01"]
[Round "7.19"]
[White "Dhananjay S"]
[Black "Roneet Das"]
[Result "1/2-1/2"]
[ECO "A30"]
[WhiteElo "2151"]
[BlackElo "2018"]
[Annotator "ChessBase"]
[PlyCount "138"]
[EventDate "2024.02.01"]
[EventType "swiss"]
[EventCountry "IND"]
[SourceTitle "playchess.com"]
[Source "ChessBase"]
[SourceQuality "1"]
[TimeControl "5400+30"]

1. Nf3 c5 2. c4 Nf6 3. g3 b6 4. Bg2 Bb7 5. O-O e6 6. Nc3 Be7 7. d4 cxd4 8. Qxd4 d6 9. Rd1 a6 10. b3 Nbd7 11. Bb2 O-O 12. Rac1 Rc8 13. h3 Qc7 14. e4 Qb8 15. Qe3 Rfe8 16. Nd4 Bf8 17. Re1 Red8 18. g4 g6 19. Kh1 Ba8 20. f4 Nc5 21. Nde2 Bg7 22. Ng3 d5 23. exd5 exd5 24. cxd5 Nxd5 25. Nxd5 Bxb2 26. Rcd1 Bxd5 27. Bxd5 Re8 28. Qf3 Rxe1+ 29. Rxe1 Re8 30. Rd1 a5 31. g5 Ne6 32. Rf1 Qd6 33. Ne4 Qe7 34. f5 Nd8 35. fxg6 hxg6 36. Qf2 Qd7 37. Qg2 Ne6 38. Qf3 Nd8 39. Qg2 Ne6 40. Qf3 Nd8 41. Qg2 Ne6 42. Qf3 Nd8 43. Qg2 Bg7 44. Rd1 Ne6 45. Rf1 Nd8 46. Qf3 Re5 47. Rd1 Qe7 48. h4 Ne6 49. Rf1 Nd8 50. Rd1 Rf5 51. Qg4 Qe5 52. Ng3 Rf4 53. Qc8 Rxh4+ 54. Kg2 Qb2+ 55. Kf3 Qc3+ 56. Qxc3 Bxc3 57. Ne4 Be5 58. Bc4 Ne6 59. Bxe6 fxe6 60. Rd8+ Kf7 61. Rd7+ Ke8 62. Rb7 Bd4 63. Nd6+ Kd8 64. Nf7+ Ke8 65. Nd6+ Kd8 66. Kg3 Rh1 67. Nf7+ Ke8 68. Nd6+ Kd8 69. Nc4 Kc8 1/2-1/2

[Event "1st SOA-GM Festival 2024"]
[Site "Bhubaneswar"]
[Date "2024.02.01"]
[Round "7.20"]
[White "Sidhant, Mohapatra"]
[Black "Singgih, Diajeng Theresa"]
[Result "0-1"]
[ECO "C78"]
[WhiteElo "2421"]
[BlackElo "1867"]
[Annotator "ChessBase"]
[PlyCount "94"]
[EventDate "2024.02.01"]
[EventType "swiss"]
[EventCountry "IND"]
[SourceTitle "playchess.com"]
[Source "ChessBase"]
[SourceQuality "1"]
[TimeControl "5400+30"]

1. e4 e5 2. Nf3 Nc6 3. Bb5 a6 4. Ba4 Nf6 5. O-O b5 6. Bb3 Bc5 7. a4 Bb7 8. d3 O-O 9. Nc3 b4 10. Nd5 h6 11. a5 Nd4 12. Nxd4 exd4 13. Nxf6+ Qxf6 14. Qh5 Be7 15. Bd2 Rab8 16. f4 Bc6 17. g4 Qh4 18. Qxh4 Bxh4 19. g5 Kh7 20. Kg2 hxg5 21. fxg5 Rb5 22. Bc4 Re5 23. Bf4 Rc5 24. Bd2 d6 25. Kh3 Bxg5 26. Bxb4 Rxc4 27. dxc4 Bxe4 28. c5 f5 29. cxd6 Kg6 30. Kg3 f4+ 31. Kf2 Bh4+ 32. Ke2 f3+ 33. Kd1 cxd6 34. Bxd6 Rc8 35. Rc1 Kh5 36. Bf4 Rd8 37. Bd2 f2 38. Bf4 Kg4 39. Bg3 Bxg3 40. hxg3 Kxg3 41. Ke2 Bf3+ 42. Kd3 Bg2 43. Rfd1 Rf8 44. b4 f1=Q+ 45. Rxf1 Rxf1 46. Rxf1 Bxf1+ 47. Kxd4 Kf4 0-1

[Event "1st SOA-GM Festival 2024"]
[Site "Bhubaneswar"]
[Date "2024.02.02"]
[Round "8.1"]
[White "Das, Sayantan"]
[Black "Vignesh Advaith Vemula"]
[Result "1-0"]
[ECO "B52"]
[WhiteElo "2514"]
[BlackElo "2028"]
[Annotator "RC"]
[PlyCount "67"]
[EventDate "2024.02.01"]
[EventType "swiss"]
[EventCountry "IND"]
[SourceTitle "playchess.com"]
[Source "ChessBase"]
[SourceQuality "1"]
[TimeControl "5400+30"]

1. e4 c5 2. Nf3 d6 3. Bb5+ Bd7 4. c4 Nf6 5. Nc3 g6 6. O-O Bg7 7. d4 cxd4 8. Bxd7+ Nbxd7 9. Nxd4 O-O 10. Be3 Nc5 11. f3 Rc8 12. Rc1 b6 13. b3 Qd7 14. Qd2 Rfd8 15. Bh6 Ne8 16. Rcd1 Ne6 17. Bxg7 N8xg7 18. Nc2 Nc7 19. a4 e6 20. Ne3 Qe7 21. Rfe1 Nh5 22. Ng4 Nf6 23. Qg5 Nfd5 24. Qxe7 Nxe7 25. Nb5 Nxb5 26. axb5 Kf8 27. Rd2 h5 28. Ne3 Rd7 29. Red1 Rcd8 30. Kf2 f5 31. Nc2 Nc8 32. Nd4 Re8 33. e5 Kf7 34. Nc6 1-0

[Event "1st SOA-GM Festival 2024"]
[Site "Bhubaneswar"]
[Date "2024.02.02"]
[Round "8.2"]
[White "Panda Sambit"]
[Black "Soham Kamotra"]
[Result "1/2-1/2"]
[ECO "D15"]
[WhiteElo "2404"]
[BlackElo "2348"]
[Annotator "RC"]
[PlyCount "70"]
[EventDate "2024.02.01"]
[EventType "swiss"]
[EventCountry "IND"]
[SourceTitle "playchess.com"]
[Source "ChessBase"]
[SourceQuality "1"]
[TimeControl "5400+30"]

1. d4 d5 2. c4 c6 3. Nf3 Nf6 4. Nc3 a6 5. c5 Bf5 6. Qb3 Ra7 7. Bf4 h6 8. e3 Nbd7 9. h3 e6 10. Be2 Be7 11. Qd1 O-O 12. O-O Re8 13. b4 Ne4 14. Nxe4 Bxe4 15. Bd3 Bxf3 16. Qxf3 Bf6 17. Qg4 Kh8 18. Qh5 Kg8 19. Qg4 Kh8 20. Rad1 e5 21. dxe5 Nxe5 22. Bxe5 Rxe5 23. e4 h5 24. Qe2 dxe4 25. Bxe4 Qe7 26. Rfe1 g6 27. f4 Re6 28. f5 Re5 29. fxg6 fxg6 30. Qf3 Ra8 31. Rf1 Rxe4 32. Qxf6+ Kh7 33. Rd6 Rg8 34. Qxe7+ Rxe7 35. Rff6 Rgg7 1/2-1/2

[Event "1st SOA-GM Festival 2024"]
[Site "Bhubaneswar"]
[Date "2024.02.02"]
[Round "8.3"]
[White "Ghosh, Diptayan"]
[Black "Tahbaz, Arash"]
[Result "1-0"]
[ECO "E65"]
[WhiteElo "2568"]
[BlackElo "2425"]
[Annotator "RC"]
[PlyCount "61"]
[EventDate "2024.02.01"]
[EventType "swiss"]
[EventCountry "IND"]
[SourceTitle "playchess.com"]
[Source "ChessBase"]
[SourceQuality "1"]
[TimeControl "5400+30"]

1. Nf3 Nf6 2. g3 g6 3. Bg2 Bg7 4. c4 O-O 5. d4 d6 6. O-O c5 7. Nc3 Nc6 8. dxc5 dxc5 9. Be3 Qa5 10. Qb3 Qb4 11. Qxb4 cxb4 12. Nd5 Nxd5 13. cxd5 Ne5 14. Nxe5 Bxe5 15. Bc5 Bxb2 16. Rab1 Bf6 17. Bxb4 Bd7 18. d6 Bc6 19. Bxc6 bxc6 20. d7 Rfd8 21. Rfd1 Rab8 22. Rb3 Rb5 23. Be1 Rd5 24. Rxd5 cxd5 25. Rb7 Bd4 26. Bb4 Kf8 27. e3 Bb6 28. a4 Ra8 29. a5 Bd8 30. a6 Bb6 31. Bc3 1-0

[Event "1st SOA-GM Festival 2024"]
[Site "Bhubaneswar"]
[Date "2024.02.02"]
[Round "8.4"]
[White "Fawzy, Adham"]
[Black "Ayush Sharma"]
[Result "1/2-1/2"]
[ECO "C18"]
[WhiteElo "2522"]
[BlackElo "2378"]
[Annotator "RC"]
[PlyCount "121"]
[EventDate "2024.02.01"]
[EventType "swiss"]
[EventCountry "IND"]
[SourceTitle "playchess.com"]
[Source "ChessBase"]
[SourceQuality "1"]
[TimeControl "5400+30"]

1. e4 e6 2. d4 d5 3. Nc3 Bb4 4. e5 Ne7 5. a3 Bxc3+ 6. bxc3 c5 7. h4 Qc7 8. h5 h6 9. Rh3 Nbc6 10. Qg4 Rg8 11. Qf4 Bd7 12. Nf3 cxd4 13. cxd4 Nb4 14. axb4 Qc3+ 15. Nd2 Qxa1 16. Nb3 Qa4 17. Nc5 Qxb4+ 18. Kd1 Nf5 19. Rb3 Qxd4+ 20. Qxd4 Nxd4 21. Rxb7 Bc8 22. Rc7 a6 23. Ba3 Nb5 24. Bxb5+ axb5 25. Nd3 f6 26. Bd6 Bd7 27. g4 Rc8 28. Ra7 Rc6 29. f4 fxe5 30. Bxe5 Ke7 31. g5 hxg5 32. fxg5 Rc4 33. c3 Ra4 34. Rb7 Rg4 35. Nc5 Rd8 36. h6 Rxg5 37. hxg7 Rg6 38. Kd2 Rg2+ 39. Ke3 Rg5 40. Kd4 Rg4+ 41. Kd3 Rg6 42. Ra7 Rg4 43. Kd2 Rg6 44. Ke3 Rg4 45. Kf3 Rg6 46. Kf2 Ke8 47. Nb7 Ke7 48. Nxd8 Kxd8 49. Ke3 Ke7 50. Kd4 Rg4+ 51. Ke3 Rg6 52. Rc7 Rg4 53. Kd3 Kd8 54. Kc2 Rxg7 55. Bxg7 Kxc7 56. Kd3 Kd6 57. Kd4 Be8 58. Bf8+ Kd7 59. Ke5 Bg6 60. Bb4 Bf5 61. Kf6 1/2-1/2

[Event "1st SOA-GM Festival 2024"]
[Site "Bhubaneswar"]
[Date "2024.02.02"]
[Round "8.5"]
[White "Savchenko, Boris"]
[Black "Goutham Krishna H"]
[Result "1-0"]
[ECO "B81"]
[WhiteElo "2489"]
[BlackElo "2288"]
[Annotator "RC"]
[PlyCount "111"]
[EventDate "2024.02.01"]
[EventType "swiss"]
[EventCountry "IND"]
[SourceTitle "playchess.com"]
[Source "ChessBase"]
[SourceQuality "1"]
[TimeControl "5400+30"]

1. e4 c5 2. Nf3 d6 3. d4 cxd4 4. Nxd4 Nf6 5. Nc3 a6 6. h3 e6 7. g4 d5 8. exd5 Nxd5 9. Nde2 h5 10. g5 Nc6 11. Bg2 Nxc3 12. Qxd8+ Nxd8 13. Nxc3 Bd7 14. Be3 Bc6 15. Ne4 Rc8 16. O-O Bd5 17. c3 Be7 18. f4 Bxe4 19. Bxe4 Bc5 20. Kf2 g6 21. Rad1 Bxe3+ 22. Kxe3 Ke7 23. Rd2 Nc6 24. Rfd1 Rhd8 25. Rxd8 Nxd8 26. a4 Nc6 27. b4 Nb8 28. Kd3 b6 29. Kc2 Rc7 30. Kb3 Rd7 31. Rxd7+ Kxd7 32. h4 Kc7 33. Bd3 Kd6 34. Bc4 Kd7 35. Kc2 Kd6 36. Kd3 Kd7 37. Ke3 Ke7 38. Be2 Kd7 39. Bf1 Kc7 40. f5 exf5 41. Bc4 Nc6 42. Bxa6 Ne5 43. Bb5 Kd6 44. Kf4 Ng4 45. Bc4 Ne5 46. Bb5 Ng4 47. a5 bxa5 48. bxa5 f6 49. Be8 fxg5+ 50. hxg5 h4 51. a6 Kc7 52. Bxg6 h3 53. Bxf5 h2 54. Be4 Nf2 55. Bg2 Nh3+ 56. Kg3 1-0

[Event "1st SOA-GM Festival 2024"]
[Site "Bhubaneswar"]
[Date "2024.02.02"]
[Round "8.6"]
[White "Neelash Saha"]
[Black "Shahil Dey"]
[Result "1/2-1/2"]
[ECO "A14"]
[WhiteElo "2446"]
[BlackElo "2363"]
[Annotator "RC"]
[PlyCount "157"]
[EventDate "2024.02.01"]
[EventType "swiss"]
[EventCountry "IND"]
[SourceTitle "playchess.com"]
[Source "ChessBase"]
[SourceQuality "1"]
[TimeControl "5400+30"]

1. Nf3 Nf6 2. b3 d5 3. Bb2 e6 4. c4 b6 5. g3 Bb7 6. Bg2 Be7 7. O-O O-O 8. e3 dxc4 9. bxc4 c5 10. Qe2 Nbd7 11. d3 Qc7 12. Rd1 Rfd8 13. Nc3 a6 14. Rab1 Rac8 15. Ba1 Ne8 16. Ne4 Bc6 17. Nc3 Bf6 18. Rb3 Nd6 19. e4 Bd4 20. Rbb1 Qa7 21. a4 Bxc3 22. Bxc3 Bxa4 23. Rd2 Bc6 24. Ra2 a5 25. Ne1 a4 26. Qb2 f6 27. Bh3 Re8 28. Qa1 Ra8 29. Rab2 Rab8 30. Qa2 Kh8 31. Bd2 Nf8 32. Be3 e5 33. Nc2 Bd7 34. Bxd7 Nxd7 35. Na3 Ra8 36. Ra1 Reb8 37. Qb1 Qc7 38. Qc2 Qc6 39. Nb5 Nxb5 40. Rxb5 Qd6 41. Rb2 Qc6 42. Rba2 Kg8 43. Rxa4 Rxa4 44. Qxa4 Qxa4 45. Rxa4 Kf7 46. f4 Rb7 47. Kf2 Nb8 48. Ra8 Ke7 49. f5 Kd7 50. g4 h6 51. h4 Kc8 52. g5 hxg5 53. hxg5 fxg5 54. Bxg5 Rd7 55. Ke3 Kb7 56. Ra2 Nc6 57. Bh4 Kc7 58. Be1 g6 59. fxg6 Rg7 60. Rg2 Ne7 61. Bc3 Kd6 62. Rg5 Rxg6 63. Bxe5+ Kc6 64. Rh5 b5 65. cxb5+ Kxb5 66. Bd4 Rc6 67. Kd2 Kb4 68. Bc3+ Kb3 69. Rh1 Rg6 70. Rb1+ Ka4 71. Ba1 Nc6 72. Kc3 Rg2 73. Rb2 Rg1 74. Ra2+ Kb5 75. Ra8 Nd4 76. Kb2 Rd1 77. Rb8+ Kc6 78. Rc8+ Kb5 79. Rb8+ 1/2-1/2

[Event "1st SOA-GM Festival 2024"]
[Site "Bhubaneswar"]
[Date "2024.02.02"]
[Round "8.7"]
[White "Nguyen Van Huy"]
[Black "Subhayan Kundu"]
[Result "1/2-1/2"]
[ECO "E92"]
[WhiteElo "2364"]
[BlackElo "2385"]
[Annotator "RC"]
[PlyCount "124"]
[EventDate "2024.02.01"]
[EventType "swiss"]
[EventCountry "IND"]
[SourceTitle "playchess.com"]
[Source "ChessBase"]
[SourceQuality "1"]
[TimeControl "5400+30"]

1. d4 Nf6 2. c4 g6 3. Nc3 Bg7 4. e4 d6 5. Nf3 O-O 6. Be2 e5 7. Be3 Ng4 8. Bg5 f6 9. Bh4 g5 10. Bg3 Nh6 11. dxe5 dxe5 12. Qc2 Na6 13. Nd2 Nb4 14. Qa4 a5 15. O-O-O Bd7 16. Qb3 Qe7 17. f3 Nf7 18. Bf2 Rfb8 19. a3 Na6 20. Nd5 Qe8 21. Qc3 b6 22. h4 Nd8 23. Nf1 Ne6 24. Ng3 Nac5 25. Nf5 g4 26. Be3 c6 27. Nde7+ Kh8 28. Nxg7 Nxg7 29. Nf5 Bxf5 30. exf5 Nxf5 31. fxg4 Nxe3 32. Qxe3 Rd8 33. Rhf1 Qg6 34. Rf5 Rxd1+ 35. Bxd1 Rd8 36. Bc2 e4 37. Qf4 Nd3+ 38. Bxd3 exd3 39. Kd2 Qe8 40. Qf3 Rd4 41. Rxf6 Qe2+ 42. Qxe2 dxe2+ 43. Kxe2 Rxc4 44. Kf3 Kg7 45. g5 h5 46. Kg3 b5 47. Kh3 a4 48. g4 Rxg4 49. Rxc6 b4 50. axb4 Rxb4 51. Rc2 Rb3+ 52. Kg2 Rb4 53. Kg3 Rg4+ 54. Kh3 Rb4 55. Re2 Kg6 56. Kg3 Rg4+ 57. Kh3 Rb4 58. Rf2 Kg7 59. Re2 Kg6 60. Rg2 Rb3+ 61. Kh2 Rb4 62. Kh3 Rb3+ 1/2-1/2

[Event "1st SOA-GM Festival 2024"]
[Site "Bhubaneswar"]
[Date "2024.02.02"]
[Round "8.8"]
[White "Nithin Babu"]
[Black "Ritviz, Parab"]
[Result "0-1"]
[ECO "C88"]
[WhiteElo "2177"]
[BlackElo "2391"]
[Annotator "RC"]
[PlyCount "114"]
[EventDate "2024.02.01"]
[EventType "swiss"]
[EventCountry "IND"]
[SourceTitle "playchess.com"]
[Source "ChessBase"]
[SourceQuality "1"]
[TimeControl "5400+30"]

1. e4 e5 2. Nf3 Nc6 3. Bb5 a6 4. Ba4 Nf6 5. O-O Be7 6. Re1 b5 7. Bb3 O-O 8. a4 Bb7 9. d3 d6 10. h3 Na5 11. Ba2 c5 12. Nbd2 h6 13. Nf1 Re8 14. Ng3 Bf8 15. Bd2 b4 16. c3 d5 17. cxb4 cxb4 18. Rc1 Qd6 19. d4 Nc6 20. dxe5 Nxe5 21. Bf4 Nxf3+ 22. Qxf3 dxe4 23. Qe3 Qd3 24. Qb6 Bd5 25. Red1 Bxa2 26. Rxd3 exd3 27. Bd2 a5 28. Qc6 Rad8 29. Qf3 Bb3 30. Kh2 Bd6 31. Qxd3 Bxa4 32. b3 Bb8 33. Qc2 Bxb3 34. Qxb3 Rxd2 35. Kg1 Bxg3 36. Qxg3 a4 37. Qf4 Rb2 38. Qd4 a3 39. Kh2 Re4 40. Rc8+ Kh7 41. Qd3 a2 42. Ra8 Rxf2 43. Ra4 Kg8 44. Ra8+ Re8 45. Ra7 Ree2 46. Ra8+ Re8 47. Ra7 Ree2 48. Ra8+ Ne8 49. Qb5 Rxg2+ 50. Kh1 Rh2+ 51. Kg1 Rhg2+ 52. Kf1 Rgf2+ 53. Kg1 Kh7 54. Qxb4 Nc7 55. Ra3 Nd5 56. Qc5 Ne3 57. Rxa2 Rf1# 0-1

[Event "1st SOA-GM Festival 2024"]
[Site "Bhubaneswar"]
[Date "2024.02.02"]
[Round "8.9"]
[White "Rajesh, V A V"]
[Black "Audi Ameya"]
[Result "1-0"]
[ECO "E90"]
[WhiteElo "2331"]
[BlackElo "2385"]
[Annotator "RC"]
[PlyCount "77"]
[EventDate "2024.02.01"]
[EventType "swiss"]
[EventCountry "IND"]
[SourceTitle "playchess.com"]
[Source "ChessBase"]
[SourceQuality "1"]
[TimeControl "5400+30"]

1. d4 Nf6 2. c4 g6 3. Nc3 Bg7 4. e4 d6 5. h3 e5 6. d5 a5 7. Nf3 Na6 8. Bd3 O-O 9. Be3 Nd7 10. g4 Ndc5 11. Bc2 f5 12. gxf5 gxf5 13. exf5 Bxf5 14. Bxf5 Rxf5 15. Rg1 Qf6 16. Ng5 Nb4 17. Nge4 Nbd3+ 18. Kd2 Qh4 19. Rg4 Qe7 20. Nxc5 Nxc5 21. Qh1 Kh8 22. Rag1 Rf7 23. Qg2 Nd7 24. Ne4 Nf6 25. Rh4 Nxe4+ 26. Qxe4 Bf6 27. Rhg4 Rg7 28. Kd3 Rag8 29. Qf5 Rxg4 30. Rxg4 Re8 31. Bh6 c6 32. Ke4 Qf7 33. Bg7+ Qxg7 34. Rxg7 cxd5+ 35. cxd5 Bxg7 36. Qd7 Rf8 37. Ke3 Bh6+ 38. Ke2 Rf6 39. Qxb7 1-0

[Event "1st SOA-GM Festival 2024"]
[Site "Bhubaneswar"]
[Date "2024.02.02"]
[Round "8.10"]
[White "Tologon tegin, Semetei"]
[Black "Frayna, Janelle Mae"]
[Result "1/2-1/2"]
[ECO "D02"]
[WhiteElo "2384"]
[BlackElo "2197"]
[Annotator "RC"]
[PlyCount "129"]
[EventDate "2024.02.01"]
[EventType "swiss"]
[EventCountry "IND"]
[SourceTitle "playchess.com"]
[Source "ChessBase"]
[SourceQuality "1"]
[TimeControl "5400+30"]

1. d4 Nf6 2. Nf3 d5 3. e3 g6 4. Nbd2 Bg7 5. b4 O-O 6. Bb2 Nbd7 7. c4 dxc4 8. Nxc4 Nb6 9. Na5 Nbd5 10. a3 b6 11. Nc6 Qd6 12. Rc1 Bb7 13. Nfe5 Nd7 14. Qf3 e6 15. Bb5 Nxe5 16. Nxe5 Rab8 17. Nc6 a6 18. e4 axb5 19. Nxb8 Rxb8 20. exd5 Bxd5 21. Qg3 Qxg3 22. hxg3 c6 23. f3 h5 24. Kf2 Kf8 25. Rhd1 Ke7 26. Rc3 Kd7 27. Bc1 Ra8 28. Bf4 Rc8 29. Be5 Bf8 30. Bf6 Bd6 31. Rh1 c5 32. Rhc1 c4 33. Rh1 Be7 34. Bxe7 Kxe7 35. Rh4 Kf6 36. g4 hxg4 37. Rxg4 Rh8 38. Rc1 Kf5 39. Ke3 g5 40. Rg3 Ra8 41. Rc3 Rh8 42. Rh3 Rxh3 43. gxh3 e5 44. dxe5 Kxe5 45. Rc1 f5 46. Rg1 f4+ 47. Ke2 Kf5 48. h4 gxh4 49. Rg4 h3 50. Rh4 Ke5 51. Rxh3 Kd4 52. Rh4 Kc3 53. Rxf4 Kb2 54. Rf5 Bg8 55. Rg5 Bf7 56. Rg7 Bd5 57. Rg5 Bf7 58. f4 c3 59. Rg1 Bc4+ 60. Ke3 Kxa3 61. Kd4 Kb2 62. Ke3 Ka3 63. Kd4 Kb2 64. Ke3 Ka3 65. Kd4 1/2-1/2

[Event "1st SOA-GM Festival 2024"]
[Site "Bhubaneswar"]
[Date "2024.02.02"]
[Round "8.11"]
[White "Singgih, Diajeng Theresa"]
[Black "Liyanage, Ranindu Dilshan"]
[Result "0-1"]
[ECO "C10"]
[WhiteElo "1867"]
[BlackElo "2366"]
[Annotator "RC"]
[PlyCount "110"]
[EventDate "2024.02.01"]
[EventType "swiss"]
[EventCountry "IND"]
[SourceTitle "playchess.com"]
[Source "ChessBase"]
[SourceQuality "1"]
[TimeControl "5400+30"]

1. e4 e6 2. d4 d5 3. Nc3 h6 4. Nf3 Nf6 5. Bd3 c5 6. exd5 exd5 7. Qe2+ Be7 8. dxc5 O-O 9. Be3 Re8 10. Bb5 Nc6 11. O-O Bxc5 12. Rad1 Bxe3 13. fxe3 Qb6 14. Nd4 Bg4 15. Qf2 Bxd1 16. Nxd1 Qc7 17. Nf5 Ne4 18. Qh4 Re6 19. c4 Ne7 20. cxd5 Nxf5 21. Rxf5 Re5 22. Qf4 Re7 23. Qf1 Nd6 24. Rf3 Qc5 25. Bd3 Qxd5 26. Nc3 Qc5 27. Qe2 Rae8 28. Kf2 Re5 29. g4 b5 30. Bc2 Qc4 31. Qd2 Rd8 32. Kg2 Qxg4+ 33. Rg3 Qh4 34. Qd4 Qxd4 35. exd4 Rg5 36. Bd3 a6 37. a4 bxa4 38. Rxg5 hxg5 39. Bxa6 Ra8 40. Be2 a3 41. bxa3 Rxa3 42. Nd5 Ra2 43. Kf2 Nf5 44. Nc3 Rb2 45. d5 Nd4 46. Ke3 Nxe2 47. Nxe2 Kf8 48. h3 Rb3+ 49. Ke4 Rxh3 50. Nd4 Rh4+ 51. Kd3 Rxd4+ 52. Kxd4 Ke7 53. Kc5 Kd7 54. d6 g4 55. Kd5 g3 0-1

[Event "1st SOA-GM Festival 2024"]
[Site "Bhubaneswar"]
[Date "2024.02.02"]
[Round "8.12"]
[White "Laxman, R.R."]
[Black "John Veny Akkarakaran"]
[Result "1/2-1/2"]
[ECO "E06"]
[WhiteElo "2338"]
[BlackElo "2112"]
[Annotator "RC"]
[PlyCount "97"]
[EventDate "2024.02.01"]
[EventType "swiss"]
[EventCountry "IND"]
[SourceTitle "playchess.com"]
[Source "ChessBase"]
[SourceQuality "1"]
[TimeControl "5400+30"]

1. d4 e6 2. c4 Nf6 3. g3 d5 4. Nf3 Be7 5. Bg2 O-O 6. O-O a5 7. Nc3 c6 8. Ne5 Nfd7 9. Nxd7 Nxd7 10. b3 b6 11. cxd5 cxd5 12. Bf4 Ba6 13. a4 Nf6 14. Nb5 Bxb5 15. axb5 Qd7 16. Qd3 Rac8 17. Rfc1 Bd6 18. Bg5 Ne4 19. Be3 Bb4 20. Bxe4 dxe4 21. Qxe4 Qxb5 22. Qg4 h5 23. Qf3 Qd5 24. Qxd5 exd5 25. Kg2 b5 26. Kf3 Rxc1 27. Bxc1 Rc8 28. Ba3 Rc3+ 29. e3 Bxa3 30. Rxa3 a4 31. Ke2 axb3 32. Ra8+ Kh7 33. Rb8 Rc2+ 34. Kf3 g5 35. h3 b2 36. Rxb5 f5 37. h4 g4+ 38. Kf4 Rxf2+ 39. Kg5 Kg7 40. Rb7+ Kf8 41. Kxh5 Rg2 42. Kg6 Rxg3 43. Rxb2 Rxe3 44. Kxf5 g3 45. h5 Kg7 46. Kg5 Re8 47. Rg2 Re3 48. Kf4 Re4+ 49. Kg5 1/2-1/2

[Event "1st SOA-GM Festival 2024"]
[Site "Bhubaneswar"]
[Date "2024.02.02"]
[Round "8.13"]
[White "Abhay Bandewar"]
[Black "Sammed Jaykumar, Shete"]
[Result "0-1"]
[ECO "B39"]
[WhiteElo "2025"]
[BlackElo "2441"]
[Annotator "RC"]
[PlyCount "82"]
[EventDate "2024.02.01"]
[EventType "swiss"]
[EventCountry "IND"]
[SourceTitle "playchess.com"]
[Source "ChessBase"]
[SourceQuality "1"]
[TimeControl "5400+30"]

1. Nf3 Nf6 2. c4 g6 3. Nc3 Bg7 4. e4 c5 5. d4 cxd4 6. Nxd4 Nc6 7. Be3 Ng4 8. Nxc6 Nxe3 9. Nd4 Ng4 10. Nc6 Ne3 11. Nxd8 Nxd1 12. Ne6 Ne3 13. Nd8 Nd1 14. Ne6 Bxc3+ 15. bxc3 dxe6 16. Rxd1 Bd7 17. Ke2 e5 18. Rd5 f6 19. Ke3 b6 20. Be2 Rc8 21. c5 Be6 22. Ba6 Rxc5 23. Rxc5 bxc5 24. Rb1 Kf7 25. Rb5 Bxa2 26. Rxc5 Rb8 27. Rc7 Rb2 28. Rc5 Rb8 29. Rc7 Rb2 30. Rxa7 f5 31. exf5 gxf5 32. g3 f4+ 33. gxf4 exf4+ 34. Kxf4 Rxf2+ 35. Kg3 Rc2 36. Rc7 Bd5 37. Bd3 Rg2+ 38. Kh3 Kf6 39. Rc5 Rg5 40. Kh4 h6 41. Bc4 Be6 0-1